 Dungeon Crawl Stone Soup version 0.31-a0-851-g7ff8af7976 (webtiles) character file.

Game seed: 16307784260272979901

84 Descartes the Changeling (level 4, -2/28 HPs)
             Began as a Felid Shapeshifter on Oct 6, 2023.
             Constricted to death by Ijyb (5 damage)
             ... on level 3 of the Dungeon.
             The game lasted 00:01:50 (1550 turns).

Descartes the Changeling (Felid Shapeshifter)       Turns: 1550, Time: 00:01:51

Health: -2/28      AC: 22    Str: 12    XL:     4   Next: 24%
Magic:  5/5        EV:  1    Int: 11    God:
Gold:   166        SH:  0    Dex: 15    Spells: 3/3 levels left
                                        Lives:  0   Deaths: 2

rFire   . .          .
                       - Unarmed
rCold   . . .        (shield unavailable)
rNeg    . . .        (body armour unavailable)
rPois   +            (helmet unavailable)
rElec   .            (cloak unavailable)
rCorr   .            (gloves unavailable)
SInv    +            (boots unavailable)
Will    .....        (no amulet)
Stlth   ++           (no ring)
HPRegen 0.24/turn    (no ring)
MPRegen 0.09/turn

%: no passive effects
@: tree-form, grasped by roots, constricted
A: stationary, stasis, torment immunity, boosted hp, very small, (claws 1),
(fangs 3), see invisible, (speed 1), (shaggy fur 1), (stealthy paws), no weapons
or thrown items, no armour, multi-lived
a: no special abilities


You were on level 3 of the Dungeon.
You were a tree.
You visited 1 branch of the dungeon, and saw 3 of its levels.

You collected 166 gold pieces.

Inventory:

Talismans
 b - a beast talisman
 c - a flux talisman
Wands
 k - a wand of mindburst (20)
Scrolls
 e - a scroll of enchant weapon {unknown}
 g - a scroll of amnesia {unknown}
 h - a scroll of fear {unknown}
 i - 4 scrolls of identify {unknown}
 j - 3 scrolls of teleportation {unknown}
 m - a scroll of blinking {unknown}
 n - 3 scrolls of vulnerability {unknown}
Potions
 d - a potion of invisibility {unknown}
 f - a potion of heal wounds {unknown}
 l - a potion of experience {unknown}
 o - a potion of curing {unknown}


   Skills:
 - Level 1.0 Fighting
 + Level 3.8 Dodging
 + Level 2.7 Stealth
 + Level 3.6 Unarmed Combat
 + Level 3.8 Shapeshifting


You had 3 spell levels left.
You didn't know any spells.
Your spell library contained the following spells:

 Spells                   Type           Power      Damage    Failure   Level
 Necrotise                Necr           0%         1d4       34%         1
 Vampiric Draining        Necr           0%         2d6       71%         3
 Agony                    Necr           0%         N/A       100%        5


Dungeon Overview and Level Annotations

Branches:
Dungeon (3/15)

Altars:

Shops:
D:2 !

Annotations:
D:3 Grinder, Ijyb


Innate Abilities, Weirdness & Mutations

You are a tree.
Your roots penetrate the ground, keeping you stationary.
You cannot be teleported.
You are immune to unholy pain and torment.
Your maximum health is greatly increased.
((You have sharp claws.))
((You have razor-sharp teeth.))
You have supernaturally acute eyesight. (SInv)
((You cover ground quickly. (Speed+)))
((You are covered in fur. (AC +1)))
((Your paws help you pounce on unaware monsters.))
You are incapable of wielding weapons or throwing items.
You cannot wear armour.
You gain extra lives every three experience levels.


Message History

Ijyb misses you.
You closely miss Ijyb. You bite Ijyb.
Ijyb is moderately wounded.
Ijyb misses you.
You scratch Ijyb but do no damage.
Ijyb is moderately wounded.
Ijyb closely misses you.
You closely miss Ijyb. You bite Ijyb.
Ijyb is moderately wounded.
Ijyb screams, "No!
No, no, no, no!"
Ijyb zaps a wand.
The roots erupt in riotous growth!
The grasping roots grab you!
Ijyb is unaffected.
The grasping roots constrict you.
You barely miss Ijyb. Your bite misses Ijyb.
Ijyb is moderately wounded.
Ijyb closely misses you. The grasping roots constrict you.
You scratch Ijyb. You bite Ijyb.
Ijyb is moderately wounded.
Ijyb hits you with a +0 dagger.
* * * LOW HITPOINT WARNING * * *
The grasping roots constrict you.
* * * LOW HITPOINT WARNING * * *
You are too injured to fight recklessly!
You are too injured to fight recklessly!
You are too injured to fight recklessly!
You are too injured to fight recklessly!
You are too injured to fight recklessly!
You are too injured to fight recklessly!
You are too injured to fight recklessly!
You are too injured to fight recklessly!
You are too injured to fight recklessly!
You are too injured to fight recklessly!
You are too injured to fight recklessly!
You are too injured to fight recklessly!
You are too injured to fight recklessly!
Unknown command.
Your transformation has ended.
You turn into a tree.
Your roots penetrate the ground.
Ijyb hits you but does no damage. The grasping roots constrict you.
You die...

#....# #.##.#
#.##.# #..#.#
#....#
#....######
#.........#
#.....###.#
####.....###♣#
#....##
#.........##g#
#.....
#.........##.#
#.....
#.........##.#
#..... #
#.........##.#
#....###+#..
####.........##+#
#........#..
#..............
#...........
#..............
#...5.......
##..............
+...†S......


You could see Ijyb.

Vanquished Creatures
  4 adders
  2 worms
  4 dart slugs
  3 endoplasms (D:2)
  A giant cockroach (D:2)
  3 goblins
  4 hobgoblins
  2 quokkas (D:1)
  3 ball pythons
  2 bats
  3 kobolds
  6 rats
37 creatures vanquished.

Notes
Turn   | Place    | Note
-------+----------+-------------------------------------------
     0 | D:1      | Descartes the Felid Shapeshifter began the quest for the
                  | Orb.
     0 | D:1      | Reached XP level 1. HP: 9/9 MP: 2/2
   212 | D:1      | Reached skill level 1 in Stealth
   332 | D:1      | Reached XP level 2. HP: 12/12 MP: 3/3
   794 | D:2      | Found Eleot's Distillery.
   805 | D:2      | Succumbed to an adder's poison
   904 | D:2      | Reached XP level 3. HP: 15/15 MP: 4/4
  1243 | D:2      | Reached XP level 4. HP: 17/19 MP: 5/5
  1503 | D:3      | Noticed Grinder
  1514 | D:3      | Paralysed by Grinder for 5 turns
  1516 | D:3      | Slain by Grinder
  1542 | D:3      | Noticed Ijyb
  1550 | D:3      | Constricted to death by Ijyb

Illustrated notes

Levels and vault maps discovered:
D:1:      amcnicky_arrival_single_pillar, layout_basic
D:2:      layout_rooms, serial_shops, shop, minmay_3d_cube
D:3:      layout_basic, ebering_ecumenical_altar_hall, uniq_ijyb, uniq_sigmund,
          uniq_grinder, uniq_crazy_yiuf_cottage

Skill      XL: |  1  2  3 |
---------------+----------+-----
Stealth        | 1 2 |  2.7
Dodging        | 3 |  3.8
Fighting       | |  1.0
Unarmed Combat | |  3.6
Shapeshifting  | |  3.8

Action                     |  1- 3 |  4- 6 || total
---------------------------+-------+-------++-------
  Melee: Unarmed           |    70 |    17 ||    87
         Bite              |     4 |     6 ||    10
         Punch             |     2 |       ||     2
    Use: Potion            |       |     1 ||     1
   Stab: Sleeping          |     2 |       ||     2
 Armour: Skin              |    19 |     9 ||    28
  Dodge: Dodged            |    43 |    11 ||    54

Table legend: (Time is in decaauts)
 A = Elapsed time spent in this place.
 B = Non-inter-level travel time spent in this place.
 C = Inter-level travel time spent in this place.
 D = Time resting spent in this place.
 E = Time spent auto-exploring this place.
 F = Levels seen in this place.
 G = Mean time per level.
                   A        B        C        D        E       F      G
               +--------+--------+--------+--------+--------+-----+--------+
         Total |   1303 |   1273 |     30 |      0 |   1042 |   3 |  434.3 |
       Dungeon |   1303 |   1273 |     30 |      0 |   1042 |   3 |  434.3 |
               +--------+--------+--------+--------+--------+-----+--------+

Top non-repeatable levels by time:
     D:1: 638 daAuts
     D:2: 534 daAuts
     D:3: 131 daAuts
